 Dungeon Crawl Stone Soup version 0.18-a0-921-g28655ce (webtiles) character file.

8299 JokEr the Fighter (level 11, -1/78 HPs)
             Began as a Gargoyle Monk on Dec 27, 2015.
             Was an Elder of the Shining One.
             Slain by Snorg (15 damage)
             ... on level 10 of the Dungeon.
             The game lasted 00:27:27 (10254 turns).

JokEr the Fighter (Gargoyle Monk)                  Turns: 10254, Time: 00:27:27

Health: -1/78      AC: 22    Str: 21    XL:     11   Next: 28%
Magic:  9/11       EV:  8    Int: 11    God:    the Shining One [****..]
Gold:   593        SH:  6    Dex: 12    Spells: 0 memorised, 10 levels left

rFire  . . .     SeeInvis .       - Unarmed
rCold  . . .     Gourm    .     c - +1 plate armour
rNeg   + + +     Faith    .     (no shield)
rPois  ∞         Spirit   .     q - +0 helmet
rElec  +         Dismiss  .     B - +2 cloak
rCorr  .         Reflect  .     (no gloves)
SustAt .         Harm     .     (no boots)
MR     .....                    (no amulet)
Stlth  ..........               A - +3 ring of strength
                                o - +2 ring of evasion

@: divine shield, glowing, not resistant to hostile enchantments, extremely
unstealthy
A: negative energy resistance 1, electricity resistance, unbreathing,
petrification resistance, rot immunity, AC +7
a: Divine Shield, Cleansing Flame, Renounce Religion


You were on level 10 of the Dungeon.
You worshipped the Shining One.
The Shining One was greatly pleased with you.
You were not hungry.

You visited 1 branch of the dungeon, and saw 10 of its levels.

You collected 593 gold pieces.

Inventory:

Armour
 c - a +1 plate armour (worn)
 q - a +0 helmet (worn)
 B - a +2 cloak (worn)
Jewellery
 o - a +2 ring of evasion (left hand)
 s - an uncursed ring of see invisible
 A - a +3 ring of strength (right hand)
Wands
 a - a wand of enslavement (4/24)
 l - a wand of cold (7/15)
 x - a wand of disintegration (16/24)
 F - a wand of slowing (28/48)
Scrolls
 e - a scroll of identify
 m - a scroll of blinking
 v - 2 scrolls of teleportation
 y - 3 scrolls of magic mapping
 E - 3 scrolls of remove curse
 H - a scroll of acquirement {unknown}
 I - a scroll of fear
 J - a scroll of recharging {unknown}
Potions
 d - 2 potions of degeneration
 g - 2 potions of heal wounds
 h - a potion of resistance
 i - a potion of cure mutation
 j - a potion of flight
 n - a potion of curing
 p - a potion of agility
 u - 3 potions of ambrosia
 w - a potion of might {unknown}
 z - a potion of poison {unknown}
 D - a potion of invisibility {unknown}
Books
 G - a Necronomicon

   Spells                             Type                      Level
   a - Haunt                          Necromancy/Summoning         7
   b - Borgnjor's Revivification      Necromancy                   8
   c - Death's Door                   Charms/Necromancy            8
   d - Necromutation                  Transmutation/Necromancy     8
   The Shining One disapproves of the use of such an item.
Comestibles
 b - 4 bread rations
 f - a slice of pizza
 k - 6 beef jerkies
 r - 5 meat rations
 t - 8 fruits
 C - 11 royal jellies


   Skills:
 + Level 13.3 Fighting
 - Level 2.4 Dodging
 - Level 2.1 Stealth
 + Level 12.5 Unarmed Combat


You had 10 spell levels left.
You didn't know any spells.

Dungeon Overview and Level Annotations

Branches:
Dungeon (10/15)            Temple (0/1) D:5
   Lair: D:8-11         Orc: D:9-12

Altars:
Cheibriados
Dithmenos
Elyvilon
Gozag
Kikubaaqudgha
Makhleb
Nemelex Xobeh
Okawaru
Sif Muna
Vehumet
Xom
Yredelemnul
Zin
The Shining One

Annotations:
D:10 Snorg


Innate Abilities, Weirdness & Mutations

You are resistant to torment.
Your stone body is resilient (AC +7).
You are immune to poison.
You resist negative energy.
You are resistant to electric shocks.
You can survive without breathing.
You are immune to petrification.
You are immune to rotting.


Message History

Snorg barely misses you. You block Snorg's attack.
You punch Snorg!
Snorg is heavily wounded.
Snorg bites you but does no damage. Snorg claws you.
* * * LOW HITPOINT WARNING * * *
Snorg claws you but does no damage.
Your plate armour prevents you from hitting Snorg.
Snorg is heavily wounded.
Snorg bites you but does no damage. Snorg closely misses you.
Snorg barely misses you.
Your plate armour prevents you from hitting Snorg.
Snorg is heavily wounded.
Snorg bites you.
* * * LOW HITPOINT WARNING * * *
You block Snorg's attack. Snorg claws you but does no damage.
Drink which item? (? for menu, Esc to quit)
You feel better. Snorg bites you!
* * * LOW HITPOINT WARNING * * *
Snorg claws you but does no damage. Snorg closely misses you. Snorg bites you!
You die...

...#
####.........##########.#
...# ######'#### ..# #'##
#...# ..## #.<## ##.#####
#.# ##..# ###......# #+
###'#####........#
......#...#......###
......'.###......T.#
......### #.....@#.T...
......# #......# ###.
....(.# #......# ###
##'#### ######## #.# #.#
##'## #.# #...# #.# #.#.#
##.#### ###...### #.....#
#≈##'##≈#


You could see Snorg (berserk).

Vanquished Creatures
  A hill giant (D:10)
  2 cyclopes (D:10)
  2 slime creatures (D:10)
  A gargoyle (D:10)
  A troll (D:9)
  A two-headed ogre (D:10)
  A wyvern (D:10)
  3 yaks (D:10)
  Eustachio (D:4)
  A hippogriff (D:9)
  A mottled dragon (D:10)
  The ghost of bsdbeard the Insei, an amateur OpTm (D:3)
  2 water moccasins (D:5)
  Duvessa (D:4)
  A black bear (D:9)
  2 necrophages
  2 orc warriors (D:9)
  A phantom (D:10)
  8 centaurs
  A sky beast (D:9)
  2 ice beasts
  8 ogres
  Blork the orc (D:4)
  A big kobold (D:10)
  6 giant frogs
  Dowan (D:4)
  A scorpion (D:7)
  2 giant frog zombies
  4 jellies
  2 centaur zombies
  4 crimson imps
  A quasit (D:10)
  A giant frog skeleton (D:5)
  8 orc priests
  A hound (D:4)
  10 worker ants
  5 iguanas
  9 orc wizards
  2 hound zombies
  A hound skeleton (D:9)
  A worker ant zombie (D:5)
  13 adders
  A shadow imp (D:8)
  5 oozes (D:10)
  3 adder skeletons
  2 worms
  6 giant geckos
  33 orcs
  2 ball pythons
  8 bats
  4 giant cockroaches
  11 hobgoblins
  11 jackals
  8 quokkas
  A giant gecko skeleton (D:4)
  7 giant newts
  6 goblins
  A jackal skeleton (D:5)
  7 kobolds
  2 rats (D:2)
  2 rat zombies (D:3)
238 creatures vanquished.

Vanquished Creatures (others)
  A hound (D:5)
  An orc (D:5)
2 creatures vanquished.

Grand Total: 240 creatures vanquished

Notes
Turn   | Place    | Note
--------------------------------------------------------------
     0 | D:1      | JokEr the Gargoyle Monk began the quest for the Orb.
     0 | D:1      | Reached XP level 1. HP: 14/14 MP: 1/1
   337 | D:1      | Reached XP level 2. HP: 16/19 MP: 2/2
  1259 | D:2      | Reached XP level 3. HP: 19/24 MP: 3/3
  1550 | D:2      | Found a faded altar to an unknown god.
  2316 | D:3      | Noticed bsdbeard's ghost (amateur OpTm)
  2330 | D:3      | Killed bsdbeard's ghost
  2330 | D:3      | Reached skill level 5 in Fighting
  2330 | D:3      | Reached skill level 5 in Unarmed Combat
  2330 | D:3      | Reached XP level 4. HP: 27/31 MP: 4/4
  2330 | D:3      | Reached XP level 5. HP: 30/35 MP: 5/5
  2439 | D:3      | Found a glowing golden altar of the Shining One.
  2464 | D:3      | Became a worshipper of the Shining One
  2464 | D:3      | Reached * piety under the Shining One
  2464 | D:3      | Reached ** piety under the Shining One
  2559 | D:3      | Found a shimmering altar of Xom.
  2559 | D:3      | Found a shadowy altar of Dithmenos.
  2691 | D:3      | Found an ancient bone altar of Kikubaaqudgha.
  2880 | D:4      | Noticed an ogre
  2891 | D:4      | Killed an ogre
  2891 | D:4      | Reached XP level 6. HP: 23/41 MP: 2/6
  3068 | D:4      | Reached skill level 6 in Unarmed Combat
  3095 | D:4      | Noticed Eustachio
  3122 | D:4      | Killed Eustachio
  3122 | D:4      | Reached XP level 7. HP: 13/47 MP: 7/7
  3604 | D:4      | Reached skill level 7 in Fighting
  3815 | D:4      | Noticed Blork the orc
  3825 | D:4      | Killed Blork the orc
  3923 | D:4      | Noticed Duvessa
  3924 | D:4      | Noticed Dowan
  3947 | D:4      | Killed Duvessa
  3950 | D:4      | Killed Dowan
  3950 | D:4      | Reached XP level 8. HP: 48/54 MP: 5/8
  4063 | D:4      | Found a snail-covered altar of Cheibriados.
  4249 | D:5      | Entered Level 5 of the Dungeon
  4307 | D:5      | Reached skill level 8 in Fighting
  4412 | D:5      | Found a white marble altar of Elyvilon.
  4517 | D:5      | Found a basalt altar of Yredelemnul.
  4780 | D:5      | Reached skill level 9 in Fighting
  5043 | D:5      | Found a staircase to the Ecumenical Temple.
  5048 | D:5      | Reached XP level 9. HP: 60/60 MP: 9/9
  5131 | D:5      | Reached *** piety under the Shining One
  5856 | D:6      | Found an opulent altar of Gozag.
  5856 | D:6      | Found a sparkling altar of Nemelex Xobeh.
  6101 | D:6      | Reached skill level 10 in Fighting
  7142 | D:7      | Reached skill level 10 in Unarmed Combat
  7887 | D:8      | Reached skill level 11 in Fighting
  8188 | D:9      | Found a glowing silver altar of Zin.
  8188 | D:9      | Found a burning altar of Makhleb.
  8189 | D:9      | Noticed a cacodemon
  8189 | D:9      | Noticed an angel
  8234 | D:9      | Reached XP level 10. HP: 51/69 MP: 10/10
  8321 | D:9      | Found a deep blue altar of Sif Muna.
  8321 | D:9      | Reached **** piety under the Shining One
  8629 | D:9      | Found a radiant altar of Vehumet.
  8629 | D:9      | Found an iron altar of Okawaru.
  9121 | D:10     | Entered Level 10 of the Dungeon
  9407 | D:10     | Reached skill level 12 in Fighting
  9480 | D:10     | Noticed a hill giant
  9492 | D:10     | Killed a hill giant
  9789 | D:10     | Reached XP level 11. HP: 76/76 MP: 11/11
  9893 | D:10     | Reached skill level 13 in Fighting
 10102 | D:10     | Noticed an eight-headed hydra
 10235 | D:10     | Noticed Snorg
 10254 | D:10     | Slain by Snorg

Vault maps used:
D:1:      minmay_arrival_semitransparent, serial_co_window_serial,
          co_window_paths_a, co_window_paths_b, co_window_paths_b,
          co_window_paths_a, co_window_paths_a, co_window_paths_c,
          co_window_2corner, co_window_cross_3, minmay_misc_feat_four_crosses,
          roderic_lattice_a
D:2:      first_bread, ecumenical_altar_1
D:3:      lemuel_zombie_altar_kikubaaqudgha, gammafunk_temple_overflow_pools,
          lemuel_round_altar
D:4:      lemuel_coloured_pillars_altar, kennysheep_generic_room_10,
          uniq_eustachio, uniq_duvessa, uniq_blork_the_orc
D:5:      lemuel_ice_spiral_2, kennysheep_ying_yang, minivault_14
D:6:      grunt_temple_overflow_opulence
D:8:      nicolae_overflow_hidden_temple
D:9:      grunt_temple_overflow_order_and_chaos_2,
          gammafunk_temple_overflow_wave, basic_altar
D:10:     hangedman_little_slice_of_home, minmay_evil_grid, uniq_snorg

Action                   |  1- 3 |  4- 6 |  7- 9 | 10-12 || total
-------------------------+-------+-------+-------+-------++-------
Melee: Unarmed           |   147 |   123 |   350 |   300 ||   920
Invok: Divine Shield     |       |     1 |     2 |     2 ||     5
  Use: Scroll            |     6 |     1 |    19 |       ||    26
       Potion            |       |     1 |       |     6 ||     7
 Stab: Sleeping          |     3 |       |       |       ||     3
  Eat: Chunk             |     4 |     3 |    11 |     5 ||    23
       Pizza             |       |       |     1 |     1 ||     2
       Bread ration      |       |       |     1 |       ||     1
